 Dungeon Crawl Stone Soup version 0.25-a0-356-g7c9d860b3b (webtiles) character file.

Game seed: 17356190721448324320, levelgen mode: deterministic

74 Inarius the Charlatan (level 4, -4/34 HPs)
             Began as a Demonspawn Artificer on Jan 3, 2020.
             Slain by a gnoll
             ... wielding a +0 flail
              (10 damage)
             ... on level 2 of the Dungeon.
             The game lasted 00:01:59 (1289 turns).

Inarius the Charlatan (Demonspawn Artificer)        Turns: 1289, Time: 00:02:00

Health: -4/34      AC:  5    Str: 13    XL:     4   Next: 10%
Magic:  6/6        EV: 13    Int: 12    God:
Gold:   67         SH:  0    Dex: 18    Spells: 3/3 levels left

rFire    . . .     SeeInvis .   a - +0 short sword
rCold    . . .     Gourm    .   (no shield)
rNeg     . . .     Faith    .   b - +0 leather armour
rPois    .         Spirit   .   (no helmet)
rElec    .         Reflect  .   (no cloak)
rCorr    .         Harm     .   (no gloves)
MR       .....                  (no boots)
Stlth    ++........             (no amulet)
HPRegen  0.11/turn              g - +4 ring of dexterity
MPRegen  0.10/turn              (no ring)

@: no status effects
A: icy blue scales 1, spiny 1
a: no special abilities


You were on level 2 of the Dungeon.
You were not hungry.

You visited 1 branch of the dungeon, and saw 2 of its levels.

You collected 67 gold pieces.

Inventory:

Hand Weapons
 a - a +0 short sword (weapon)
Missiles
 i - 2 javelins (quivered)
Armour
 b - a +0 leather armour (worn)
Jewellery
 g - a +4 ring of dexterity (left hand)
 j - an uncursed ring of see invisible {unknown}
Wands
 c - a wand of flame (14)
 d - a wand of enslavement (12)
 e - a wand of random effects (13)
Scrolls
 h - a scroll of identify {unknown}
 l - a scroll of amnesia {unknown}
 n - a scroll of immolation {unknown}
Potions
 k - a potion of might {unknown}
 m - a potion of invisibility
Comestibles
 f - a ration
 o - 2 chunks of flesh


   Skills:
 * Level 2.6 Fighting
 - Level 0.8 Short Blades
 + Level 1.1 Armour
 + Level 2.9 Dodging
 - Level 0.8 Stealth
 - Level 3.0 Evocations


You had 3 spell levels left.
You didn't know any spells.
Your spell library was empty.

Dungeon Overview and Level Annotations

Branches:
Dungeon (2/15)

Altars:
Makhleb


Innate Abilities, Weirdness & Mutations

You are partially covered in icy blue scales. (AC +2)
You are partially covered in sharp spines.


Message History

The gnoll hits your gnoll with a +0 club.
Your gnoll hits the gnoll with a +0 flail!
The gnoll dies!
Your gnoll looks more experienced.
You start resting.
The gnoll is no longer charmed.
The gnoll hits you with a +0 flail.
You closely miss the gnoll.
The gnoll is moderately wounded.
You hit the gnoll.
The gnoll is moderately wounded.
The gnoll is struck by your spines. The gnoll hits you with a +0 flail!
* * * LOW HITPOINT WARNING * * *
Evoke which item? (* to show all) (? for menu, Esc to quit)
Aiming: Throw Flame
Press: ? - help, Shift-Dir - straight line, f - gnoll
Aim: a gnoll, wielding a +0 flail (heavily wounded)
The puff of flame hits the gnoll.
The gnoll is severely wounded.
The gnoll hits you with a +0 flail!
You die...

#.## ##..........
..##......<....
####
..............
.....
#............
.....
#.......<....
......
###............
......#
#..............
.......###
####.###..........
#...####@...#
##.....#...
###))..g.####
##########
####..## ####


You could see a gnoll.

Vanquished Creatures
  Natasha (D:2)
  4 leopard geckos
  2 giant cockroaches (D:1)
  A goblin (D:1)
  4 hobgoblins (D:1)
  6 jackals (D:1)
  A quokka (D:2)
  2 bats (D:1)
  2 frilled lizards (D:1)
  2 kobolds (D:1)
  15 rats (D:1)
40 creatures vanquished.

Vanquished Creatures (collateral kills)
  A gnoll (D:2)
  A rat (D:2)
2 creatures vanquished.

Vanquished Creatures (others)
  2 gnolls (D:2)
2 creatures vanquished.

Grand Total: 44 creatures vanquished

Notes
Turn   | Place    | Note
-------+----------+-------------------------------------------
     0 | D:1      | Inarius the Demonspawn Artificer began the quest for the
                  | Orb.
     0 | D:1      | Reached XP level 1. HP: 15/15 MP: 3/3
   303 | D:1      | Gained mutation: You are partially covered in icy blue
                  | scales. (AC +2) [demonic ancestry]
   303 | D:1      | Reached XP level 2. HP: 20/22 MP: 4/4
   680 | D:1      | Reached XP level 3. HP: 27/27 MP: 5/5
  1080 | D:2      | Found a burning altar of Makhleb.
  1179 | D:2      | Noticed Natasha
  1187 | D:2      | Killed Natasha
  1187 | D:2      | Reached skill level 1 in Armour
  1250 | D:2      | Gained mutation: You are partially covered in sharp spines.
                  | [demonic ancestry]
  1250 | D:2      | Reached XP level 4. HP: 14/34 MP: 6/6
  1289 | D:2      | Slain by a gnoll

Levels and vault maps discovered:
D:1:      erik_arrival_orb_chamber, layout_basic
D:2:      layout_rooms, lemuel_crystal_altar, uniq_natasha

Skill      XL: |  1  2  3 |
---------------+----------+-----
Dodging        | 2 |  2.9
Fighting       | 2 |  2.6
Armour         | 1 |  1.1
Short Blades   | |  0.8
Stealth        | |  0.8
Evocations     | |  3.0

Action                   |  1- 3 |  4- 6 || total
-------------------------+-------+-------++-------
Melee: Short sword       |   139 |     2 ||   141
Evoke: Wand              |     4 |     2 ||     6
 Stab: Sleeping          |     5 |       ||     5
       Paralysed         |     1 |       ||     1
  Eat: Chunk             |     1 |       ||     1
Armor: Leather armour    |    53 |       ||    53
Dodge: Dodged            |   104 |       ||   104

Table legend:
 A = Non-vault XP
 B = Vault XP
 C = Vault XP percentage of total XP
 D = Non-vault monster count
 E = Vault monster count
 F = Vault count percentage of total count
                 A         B        C        D         E       F
            +---------+---------+-------+---------+---------+-------
      Total |      63 |      44 |  41.1 |      30 |      13 |  30.2
            +---------+---------+-------+---------+---------+-------
        D:1 |      46 |      12 |  20.7 |      25 |      12 |  32.4
        D:2 |      17 |      32 |  65.3 |       5 |       1 |  16.7
            +---------+---------+-------+---------+---------+-------
